 Dungeon Crawl Stone Soup version 0.31-a0-986-g5e6e4ef867 (webtiles) character file.

Game seed: 12165889564739811185

594476 jasper the Worldbinder (level 26, -7/193 HPs)
             Began as a Demonspawn Reaver on Nov 11, 2023.
             Was the Champion of Cheibriados.
             Killed from afar by a black draconian knight (32 damage)
             ... with a bolt of lightning
             ... led by a green draconian monk
             ... on level 4 of the Depths on Nov 13, 2023.
             The game lasted 02:34:02 (59874 turns).

jasper the Worldbinder (Demonspawn Reaver)         Turns: 59874, Time: 02:34:03

Health: -7/193     AC: 33    Str: 27    XL:     26   Next: 30%
Magic:  39/39      EV: 22    Int: 43    God:    Cheibriados [******]
Gold:   1960       SH: 16    Dex: 28    Spells: 3/49 levels left

rFire   + + +        q - +9 demon trident (drain)
rCold   + . .        r - +1 kite shield {rPois}
rNeg    + . .        l - +8 fire dragon scales
rPois   +            (helmet unavailable)
rElec   .            u - scarf {rC+ rF+}
rCorr   +            e - +2 pair of gloves of Sodeiruo {rPois Will+ Str-2 Int+4}
SInv    +            i - +2 pair of boots {Fly}
Will    +++..        J - amulet of regeneration
Stlth   +            I - ring of positive energy
HPRegen 1.32/turn    y - ring of protection from cold
MPRegen 0.26/turn

%: no passive effects
@: flying, studying 4 skills, very slow
A: antennae 3, yellow scales 3, hurl damnation, powered by pain 2, torment
resistance 1, demonic magic 3, demonic willpower
}: 3/15 runes: decaying, serpentine, silver
a: Hurl Damnation, Renounce Religion, Bend Time, Temporal Distortion, Slouch,
Step From Time


You were on level 4 of the Depths.
You worshipped Cheibriados.
Cheibriados was exalted by your worship.
You visited 10 branches of the dungeon, and saw 44 of its levels.
You visited 1 ziggurat, and saw 6 of its levels.
You also visited: Volcano.

You collected 8010 gold pieces.
You spent 6050 gold pieces at shops.

Inventory:

Hand Weapons
 q - a +9 demon trident of draining (weapon)
Missiles
 E - a throwing net
 K - 19 curare-tipped darts
Armour
 e - the +2 pair of gloves of Sodeiruo (worn) {rPois Will+ Str-2 Int+4}
   (You bought it in a shop on level 5 of the Vaults)

   Str-2:     It affects your strength (-2).
   Int+4:     It affects your intelligence (+4).
   rPois:     It protects you from poison Will+: It increases your willpower.
 i - a +2 pair of boots of flying (worn)
 l - +8 fire dragon scales (worn)
 r - a +1 kite shield of poison resistance (worn)
 u - a scarf of resistance (worn)
Magical Staves
 S - the staff "Boicubra" {rN+ Stlth+ Conj Necro}
   (You found it on level 5 of the Vaults)

   [staff of death]

   Base accuracy: +5 Base damage: 5 Base attack delay: 1.2 This weapon's minimum
   attack delay (0.6) is reached at skill level 12.
   rN+:       It protects you from negative energy.
   Stlth+:    It makes you more stealthy.
   Conj:      It increases the power of your Conjurations spells.
   Necro:     It increases the power of your Necromancy spells.
   It falls into the 'Staves' category.
   It is a one-handed weapon.
Jewellery
 a - an amulet of magic regeneration
 h - a ring of poison resistance
 j - a ring of willpower
 y - a ring of protection from cold (right hand)
 D - a +6 ring of intelligence
 I - a ring of positive energy (left hand)
 J - an amulet of regeneration (around neck)
 L - a +6 ring of intelligence
 W - a ring of willpower
Wands
 o - a wand of flame (20)
 v - a wand of acid (11)
 G - a wand of polymorph (31)
 M - a wand of mindburst (29)
 R - a wand of digging (15)
 T - a wand of roots (71)
Scrolls
 b - a scroll of torment
 c - 21 scrolls of teleportation
 d - 5 scrolls of fear
 m - 14 scrolls of vulnerability
 t - 13 scrolls of poison
 w - 3 scrolls of butterflies
 x - 13 scrolls of fog
 A - a scroll of brand weapon
 F - a scroll of silence
 H - 9 scrolls of noise
 N - 5 scrolls of blinking
 P - 5 scrolls of revelation
 Q - 2 scrolls of immolation
 Z - 6 scrolls of amnesia
Potions
 f - 11 potions of mutation
 g - 7 potions of haste
 k - 22 potions of curing
 n - 7 potions of brilliance
 p - 6 potions of resistance
 s - 4 potions of ambrosia
 z - 6 potions of attraction
 B - 6 potions of magic
 C - 5 potions of enlightenment
 O - 6 potions of lignification
 U - 4 potions of cancellation
 V - a potion of might
 X - 3 potions of berserk rage
 Y - 8 potions of invisibility


   Skills:
 - Level 16.0 Fighting
 - Level 14.0 Polearms
 - Level 16.0 Armour
 - Level 13.3 Dodging
 - Level 12.0 Shields
 - Level 12.0 Spellcasting
 - Level 3.0 Conjurations
 - Level 4.0 Hexes
 - Level 21.0 Summonings
 + Level 19.8 Necromancy
 - Level 13.0 Translocations
 - Level 13.0 Invocations


You had 3 spell levels left.
You knew the following spells:

 Your Spells              Type           Power      Damage    Failure   Level
a - Summon Mana Viper     Hex/Summ       93%        N/A       1%          5
b - Monstrous Menagerie   Summ           58%        N/A       1%          7
c - Blink                 Tloc           100%       N/A       1%          2
d - Summon Cactus Giant   Summ           58%        N/A       1%          6
e - Summon Lightning Spi  Summ/Air       86%        N/A       1%          4
f - Haunt                 Necr/Summ      58%        N/A       1%          7
g - Malign Gateway        Summ/Tloc      53%        N/A       2%          7
h - Borgnjor's Revivific  Necr           57%        N/A       7%          8

Your spell library contained the following spells:

 Spells                   Type           Power      Damage    Failure   Level
 Apportation              Tloc           100%       N/A       0%          1
 Summon Small Mammal      Summ           100%       N/A       0%          1
 Call Imp                 Summ           100%       N/A       0%          2
 Sublimation of Blood     Necr           100%       N/A       0%          2
 Call Canine Familiar     Summ           100%       N/A       0%          3
 Kiss of Death            Conj/Necr      100%       2d13      1%          1
 Magic Dart               Conj           100%       1d8       1%          1
 Shock                    Conj/Air       100%       1d9       1%          1
 Lesser Beckoning         Tloc           100%       N/A       1%          2
 Momentum Strike          Conj/Tloc      100%       3d10      1%          2
 Searing Ray              Conj           100%       2d8       1%          2
 Gell's Gravitas          Tloc           95%        N/A       1%          3
 Summon Guardian Golem    Hex/Summ       93%        N/A       1%          3
 Teleport Other           Tloc           95%        N/A       1%          3
 Tukima's Dance           Hex            57%        N/A       1%          3
 Volatile Blastmotes      Fire/Tloc      100%       2d18      1%          3
 Ensorcelled Hibernation  Hex/Ice        86%        N/A       2%          2
 Static Discharge         Conj/Air       76%        3-7/arc   2%          2
 Freeze                   Ice            100%       1d10      3%          1
 Sandblast                Erth           50%        2d12      3%          1
 Sting                    Tmut/Pois      100%       1d8       3%          1
 Inner Flame              Hex/Fire       43%        N/A       4%          3
 Passwall                 Tmut/Erth      20%        N/A       5%          2
 Poisonous Vapours        Pois/Air       50%        N/A       5%          2
 Scorch                   Fire           50%        2d7       5%          2
 Wereblood                Tmut           25%        N/A       5%          2
 Hailstorm                Conj/Ice       38%        3d9       5%          3
 Stone Arrow              Conj/Erth      76%        3d11      5%          3
 Mephitic Cloud           Conj/Pois/Air  34%        N/A       7%          3
 Frozen Ramparts          Ice            50%        1d8       11%         3
 Ozocubu's Armour         Ice            25%        N/A       11%         3
 Swiftness                Air            25%        N/A       11%         3
 Animate Dead             Necr           100%       N/A       0%          4
 Dispel Undead            Necr           100%       3d31      0%          4
 Anguish                  Hex/Necr       45%        N/A       1%          4
 Animate Armour           Summ/Erth      100%       N/A       1%          4
 Iskenderun's Mystic Bla  Conj/Tloc      76%        2d15      1%          4
 Manifold Assault         Tloc           95%        N/A       1%          4
 Passage of Golubria      Tloc           95%        N/A       1%          4
 Summon Ice Beast         Ice/Summ       86%        N/A       1%          4
 Agony                    Necr           100%       N/A       1%          5
 Borgnjor's Vile Clutch   Necr/Erth      42%        N/A       1%          5
 Summon Forest            Summ/Tloc      53%        N/A       1%          5
 Death Channel            Necr           57%        N/A       1%          6
 Summon Hydra             Summ           58%        N/A       1%          7
 Vhi's Electric Charge    Tloc/Air       100%       N/A       2%          4
 Dispersal                Tloc           47%        N/A       2%          6
 Summon Horrible Things   Summ           58%        N/A       4%          8
 Cause Fear               Hex            28%        N/A       7%          4
 Infestation              Necr           57%        N/A       7%          8
 Fulminant Prism          Conj/Hex       27%        3d14      9%          4
 Simulacrum               Ice/Necr       42%        N/A       9%          6
 Leda's Liquefaction      Hex/Erth       21%        N/A       16%         4
 Brom's Barrelling Bould  Conj/Erth      38%        2d6       19%         4
 Flame Wave               Conj/Fire      38%        2d10      19%         4
 Sticky Flame             Conj/Fire      38%        2d6       19%         4
 Spellforged Servitor     Conj/Summ      45%        N/A       22%         7
 Airstrike                Air            12%        2d(2-18)  34%         4
 Olgreb's Toxic Radiance  Pois           25%        N/A       34%         4
 Petrify                  Tmut/Erth      25%        N/A       34%         4
 Metabolic Englaciation   Hex/Ice        21%        N/A       38%         5
 Silence                  Hex/Air        21%        N/A       38%         5
 Yara's Violent Unravell  Hex/Tmut       21%        3d10      38%         5
 Arcjolt                  Conj/Air       19%        1d29      45%         5
 Fireball                 Conj/Fire      19%        3d9       45%         5
 Irradiate                Conj/Tmut      19%        3d18      45%         5
 Freezing Cloud           Conj/Ice/Air   17%        6-21      54%         5
 Dragon's Call            Summ           58%        N/A       54%         9
 Alistair's Intoxication  Tmut/Pois      16%        N/A       67%         5
 Lee's Rapid Deconstruct  Erth           12%        3d9*      67%         5
 Bombard                  Conj/Erth      19%        9d4       96%         6
 Conjure Ball Lightning   Conj/Air       19%        3x3d6     96%         6
 Eringya's Noxious Bog    Tmut/Pois      12%        4d6       99%         6
 Plasma Beam              Fire/Air       12%        2x1d23    99%         6
 Enfeeble                 Hex            28%        N/A       99%         7
 Ozocubu's Refrigeration  Ice            12%        4d10      100%        7
 Discord                  Hex            28%        N/A       100%        8
 Ignition                 Fire           12%        3d6       100%        8
 Lehudib's Crystal Spear  Conj/Erth      19%        10d6      100%        8
 Maxwell's Capacitive Co  Air            12%        ∞         100%        8


Dungeon Overview and Level Annotations

Branches:
Dungeon (15/15)            Temple (1/1) D:5            Lair (5/5) D:11
  Swamp (4/4) Lair:3        Snake (4/4) Lair:3        Slime (0/5) Lair:5
    Orc (2/2) D:11            Elf (3/3) Orc:2        Vaults (5/5) D:14
  Crypt (0/3) Vaults:3     Depths (4/4) D:15            Zot (1/5) Depths:4
Volcano (visited)

Altars:
Ashenzari
Cheibriados
Dithmenos
Fedhas
Gozag
Hepliaklqana
Kikubaaqudgha
Makhleb
Okawaru
Qazlal
Ru
Sif Muna
Trog
Uskayaw
Vehumet
Wu Jian
Xom
Yredelemnul

Shops:
D:2 [   D:14 :   Orc:1 ([?*   Orc:2 [?[?   Elf:1 ([   Elf:2 (?   Snake:3 [[
Vaults:1 !(::   Vaults:3 [   Vaults:4 [[([   Vaults:5 *[*   Depths:1 :*

Portals:
Hell: Depths:1 Depths:2 Depths:3 Depths:4
Abyss: Depths:3
Pandemonium: Depths:1 Depths:2

Annotations:
D:10 Urug
D:12 exclusion: oklob sapling
D:14 3 runed translucent doors
D:15 2 transporters, Kidef's ghost, adept FoFi
Swamp:1 Roxanne
Swamp:4 2 runed translucent doors, quinnr's ghost, adept TeAE
Snake:4 3 runed translucent doors, porpoise's ghost, adept DsEn
Orc:1 3 runed translucent doors, exclusion: obsidian statue, Xavori's ghost, journeyman DjCK
Elf:2 2 runed translucent doors
Elf:3 exclusion: orange crystal statue
Depths:3 1 runed translucent door


Innate Abilities, Weirdness & Mutations

You have a pair of large antennae on your head. (SInv)
You are completely covered in yellow scales. (AC +4, rCorr)
You can hurl damnation.
You sometimes gain power by taking damage.
You are resistant to unholy torment.
Spells you cast and wands you use may paralyse nearby enemies.
You punish those that try to bend your will. (Will+)


Message History

The quicksilver dragon completely misses you.
The black draconian knight gestures wildly while chanting.
The black draconian knight flickers and vanishes for a moment.
You barely miss the quicksilver dragon.
The quicksilver dragon is severely wounded.
You block the quicksilver dragon's attack. x2
Your manticore flicks its tail.
The volley of spikes hits the quicksilver dragon.
Your manticore flicks its tail.
The volley of spikes hits the quicksilver dragon!
You barely miss the quicksilver dragon.
The quicksilver dragon is severely wounded.
The black draconian knight hits your manticore with a +1 vampiric long sword!!
Your manticore dies!
Your manticore's corpse disappears in a puff of smoke!
The quicksilver dragon bites you but does no damage.
You block the quicksilver dragon's attack.
You puncture the quicksilver dragon!
The quicksilver dragon is almost dead.
You block the quicksilver dragon's attack.
The quicksilver dragon completely misses you.
The black draconian knight casts a spell.
The black draconian knight seems to speed up.
You closely miss the quicksilver dragon.
The quicksilver dragon is almost dead.
The quicksilver dragon breathes dispelling energy at you.
The bolt of dispelling energy hits you!!
* * * LOW HITPOINT WARNING * * *
Your manticore misses the quicksilver dragon.
Your manticore barely misses the quicksilver dragon.
Your manticore claws the quicksilver dragon but does no damage.
The black draconian knight barely misses you.
You take 20 damage, and have 25/193 hp.
You strike the helpless quicksilver dragon from behind!
You impale the quicksilver dragon!!
You kill the quicksilver dragon!
Cheibriados thoroughly appreciates the change of pace.
The black draconian knight breathes lightning at you.
The bolt of lightning hits you!!
You die...

##.................##.
###...............##.
##..................#.
#...........##...####.
#.........###....###..
#............#####....
#...###########.......
#...#)H...'=?(.^......
##..#@q)..'...........
##.###########.......
##^........#####....
#...##........###..
#####..#....[......##.
#....##....##.......#.
##.#.#####...........#.
##..##.....##.........#.
#............#.....≈..#.


You could see a black draconian knight (fast, invisible, catching breath,
drained) and a friendly manticore (summoned).

Vanquished Creatures
  Mara (Vaults:4)
  A juggernaut (Depths:4)
  4 caustic shrikes
  A golden dragon (Depths:4)
  2 tentacled monstrosities
  A walking crystal tome (Depths:2)
  2 deep elf blademasters (Elf:3)
  2 quicksilver dragons
  2 sphinxes
  2 deep elf master archers (Elf:3)
  An eldritch tentacle (Depths:2)
  A thorn hunter (Swamp:4)
  2 tengu reavers
  3 storm dragons
  3 shadow dragons
  A draconian monk (Depths:4)
  A nagaraja (Snake:2)
  7 fire giants
  3 frost giants
  3 spectral caustic shrikes (Depths:4)
  A deep elf sorcerer (Vaults:5)
  3 deep elf elementalists (Elf:3)
  9 vault wardens
  4 ghouls
  2 spriggan defenders
  5 orc warlords
  2 war gargoyles (Vaults:5)
  A broodmother (shapeshifter) (Vaults:4)
  6 very ugly things
  9 ironbound preservers
  A green draconian (Zot:1)
  2 vampire knights
  9 stone giants
  7 ironbound thunderhulks
  5 deep elf annihilators
  3 eleionomae
  A wendigo (Zig:6)
  2 deep elf demonologists (Elf:3)
  A red draconian (Depths:4)
  2 spark wasps (Depths:2)
  A yellow draconian (Depths:4)
  2 white draconians (Depths:4)
  A bunyip (Swamp:4)
  3 dire elephants (Vaults:2)
  9 deep elf death magi
  A shambling mangrove (Swamp:4)
  6 ettins
  An entropy weaver (Vaults:1)
  A deep elf high priest (Vaults:5)
  10 yaktaur captains
  A jiangshi (Zig:3)
  3 salamander tyrants
  8 fire dragons
  Fannar (D:10)
  Erolcha (D:10)
  A great orb of eyes (Vaults:2)
  2 ice dragons
  2 hell beasts
  2 rakshasas
  32 vault guards
  3 catoblepae
  14 hydras
  4 spriggan air magi
  4 alligators
  5 centaur warriors
  12 anacondas
  Erica (D:8)
  A death knight (Vaults:3)
  2 ironbound frosthearts
  An ogre mage (Vaults:1)
  9 dancing weapons
  A deep troll shaman (Depths:3)
  A two-headed ogre (D:12)
  3 boulder beetles
  10 naga warriors
  2 deep troll earth magi (Depths:3)
  4 spriggan berserkers
  A vampire mage (Zig:2)
  4 tengu warriors
  10 naga sharpshooters
  7 shock serpents
  4 orc high priests
  An occultist (D:15)
  Sonja (Lair:2)
  5 deep elf knights
  Nergalle (D:12)
  11 hell knights
  A skyshark (Lair:5)
  A fire crab (Lair:5)
  A flayed ghost (Depths:2)
  Amaemon (D:11)
  2 goliath frogs
  3 salamander mystics
  4 spriggan druids
  A death drake (shapeshifter) (Vaults:5)
  3 iron trolls (Depths:2)
  2 glowing orange brains
  2 arcanists
  30 deep trolls
  9 swamp dragons
  3 deep elf archers (Elf:2)
  4 bog bodies
  10 naga ritualists
  12 ironbound convokers
  5 harpies
  9 deep elf zephyrmancers
  2 phantasmal warriors
  8 lindwurms
  11 orc knights
  3 necromancers
  11 mana vipers
  13 deep elf pyromancers
  A wolf spider (Lair:1)
  9 manticores
  A cyclops (shapeshifter) (Vaults:4)
  A cyclops (D:13)
  A faun (shapeshifter) (Vaults:5)
  5 orc sorcerers
  22 salamanders
  12 elephants (Lair:2)
  6 ugly things
  3 will-o-the-wisps
  6 naga magi
  A centaur zombie (D:15)
  4 guardian serpents (Snake:4)
  A torpor snail (Lair:4)
  3 molten gargoyles (Lair:5)
  9 vault sentinels
  37 black mambas
  A cane toad (shapeshifter) (Depths:3)
  A centaur skeleton (D:15)
  6 gargoyles
  2 unseen horrors
  14 cane toads
  19 yaktaurs
  A rime drake (shapeshifter) (Depths:3)
  A freezing wraith (Vaults:1)
  19 komodo dragons
  2 tengu conjurers
  A human zombie (Vaults:3)
  A troll (shapeshifter) (Vaults:4)
  5 trolls
  A polar bear (Lair:4)
  3 meliai
  15 hornets
  A tarantella (Vaults:5)
  A wolf spider simulacrum (D:14)
  7 nameless horrors
  8 dream sheep
  7 tyrant leeches
  A glass eye (Depths:3)
  6 blink frogs
  A jumping spider (shapeshifter) (Depths:3)
  A vampire (D:13)
  An air elemental (Elf:2)
  25 slime creatures
  2 water elementals
  2 wraiths
  A culicivora (shapeshifter) (Elf:3)
  6 wyverns
  2 fire bats (Lair:3)
  10 spriggans
  2 shadows
  A fire elemental (Volcano)
  3 humans (D:14)
  55 yaks
  Grum (D:9)
  3 steam dragons
  5 basilisks
  4 vampire mosquitoes (Swamp:2)
  7 wargs
  14 swamp worms
  An acid dragon (D:12)
  19 nagas
  10 water moccasins
  5 hell hounds
  5 swamp drakes
  2 ice beasts (D:6)
  18 orc warriors
  2 black bears
  6 ogres
  11 centaurs
  22 wolves
  2 elf zombies
  15 bullfrogs
  7 kobold brigands
  4 scorpions
  2 earth elementals (Elf:2)
  9 wights
  4 killer bees
  4 electric eels
  4 howler monkeys
  10 lava snakes
  2 gnoll boudas
  4 hounds
  11 jellies (Lair:5)
  10 orc priests
  5 iguanas
  Ijyb (D:3)
  Natasha (thrice) (D:2)
  15 orc wizards
  8 gnolls
  10 adders
  A white imp (D:6)
  2 worms (D:4)
  3 dart slugs
  63 orcs
  15 ball pythons
  7 endoplasms
  2 giant cockroaches (D:1)
  5 goblins
  3 hobgoblins
  4 quokkas
  6 bats
  2 frilled lizards
  14 kobolds
  5 rats
1233 creatures vanquished.

Vanquished Creatures (collateral kills)
  A dread lich (Vaults:5)
  2 ancient liches (Vaults:5)
  A juggernaut (Depths:3)
  2 shard shrikes
  Vashnia (Snake:3)
  Margery (Vaults:3)
  5 caustic shrikes
  Xtahua (Depths:3)
  Nikola (Depths:3)
  2 golden dragons
  A walking crystal tome (Depths:3)
  An Ice Fiend (Zig:6)
  2 tentacled monstrosities
  A lich (Depths:3)
  2 titans
  A walking earthen tome (Depths:2)
  A deep elf master archer (Zig:5)
  2 quicksilver dragons (Vaults:5)
  2 sphinxes
  A walking divine tome (Depths:3)
  2 storm dragons
  4 tengu reavers
  A thorn hunter (Swamp:4)
  5 shadow dragons
  4 nagarajas (Snake:4)
  A draconian knight (Depths:4)
  3 fire giants
  An iron dragon (Depths:2)
  8 frost giants
  A fenstrider witch (Swamp:3)
  4 deep elf sorcerers (Elf:3)
  8 vault wardens
  An orc warlord (Orc:2)
  A spectral caustic shrike (Depths:4)
  A draconian shifter (Depths:4)
  11 very ugly things
  10 ironbound preservers
  8 stone giants
  2 draconian annihilators (Zig:4)
  A formless jellyfish (Vaults:4)
  3 war gargoyles (Vaults:5)
  A spriggan defender (Depths:2)
  3 ironbound thunderhulks
  Nessos (D:15)
  3 green draconians
  An eleionoma (Swamp:2)
  3 deep elf demonologists (Elf:3)
  3 vampire knights
  2 bunyips (Swamp:4)
  4 deep elf annihilators (Elf:3)
  2 wendigos (Zig:6)
  4 yellow draconians (Depths:4)
  4 black draconians
  4 dire elephants
  6 deep elf death magi
  7 ettins
  A blizzard demon (Zig:6)
  9 fire dragons
  2 deep elf high priests (Elf:3)
  A shambling mangrove (Swamp:4)
  4 yaktaur captains
  3 rakshasas
  6 ice dragons
  A salamander tyrant (Snake:4)
  An entropy weaver (Vaults:5)
  3 great orbs of eyes (Vaults:3)
  14 vault guards
  8 hydras
  A peacekeeper (Vaults:4)
  2 ogre magi (Vaults:5)
  3 ironbound frosthearts
  An alligator (Swamp:2)
  2 boulder beetles
  A spriggan air mage (Depths:2)
  8 centaur warriors
  11 naga warriors
  A two-headed ogre (D:14)
  5 tengu warriors
  A death knight (Vaults:3)
  4 dancing weapons
  2 deep troll shamans (Depths:2)
  9 anacondas
  5 deep troll earth magi (Depths:2)
  A vampire mage (Zig:2)
  6 naga sharpshooters
  An occultist (Depths:2)
  4 spriggan berserkers (Depths:2)
  4 orc high priests
  2 shock serpents (Snake:4)
  A soul eater (Zig:2)
  3 deep elf knights
  8 hell knights
  3 salamander mystics
  4 iron trolls (Depths:2)
  2 goliath frogs
  A shadow wraith (Vaults:3)
  2 glowing orange brains (Depths:2)
  29 deep trolls
  4 bog bodies
  A sea snake (shapeshifter) (Vaults:5)
  9 slime creatures
  5 naga ritualists
  6 deep elf archers
  3 arcanists
  8 necromancers
  7 orc knights
  4 deep elf zephyrmancers
  3 lindwurms
  3 ironbound convokers
  13 deep elf pyromancers
  4 mana vipers
  4 harpies (Vaults:1)
  5 orc sorcerers
  2 will-o-the-wisps
  2 phantasmal warriors
  2 fire giant skeletons
  11 salamanders
  3 manticores (Elf:3)
  A centaur zombie (D:15)
  17 ugly things
  19 black mambas
  A stone giant skeleton (Vaults:3)
  10 naga magi
  4 guardian serpents (Snake:4)
  A molten gargoyle (Volcano)
  6 vault sentinels
  An orange demon (D:11)
  2 cane toads
  A centaur skeleton (D:15)
  A gargoyle (D:14)
  17 yaktaurs
  2 komodo dragons (Lair:5)
  3 tengu conjurers
  A troll (D:11)
  A yaktaur skeleton (Vaults:4)
  8 hornets
  2 tyrant leeches (Swamp:4)
  2 meliai (D:15)
  A dream sheep (shapeshifter) (Vaults:5)
  A human skeleton (Vaults:3)
  A dream sheep (Lair:5)
  8 spriggans
  10 yaks
  A deep troll skeleton (Vaults:3)
  A fire elemental (Zig:5)
  3 humans (D:14)
  A basilisk (Elf:3)
  4 nameless horrors
  3 water elementals
  3 redbacks
  A fire bat (Lair:3)
  A steam dragon (D:7)
  A yaktaur simulacrum (Vaults:4)
  6 swamp worms
  2 large abominations (Elf:1)
  21 nagas
  2 hell hounds
  5 swamp drakes (Swamp:4)
  7 orc warriors
  A black bear (Lair:1)
  5 wolves
  3 elf zombies (Elf:1)
  A necrophage (Swamp:4)
  A gnoll sergeant (D:7)
  A wight (D:6)
  A howler monkey (D:8)
  5 orc priests
  4 jellies (Lair:5)
  An iguana (D:7)
  4 orc wizards
  22 orcs
  A kobold (D:7)
671 creatures vanquished.

Vanquished Creatures (others)
  A sphinx (Vaults:5)
  47 eldritch tentacles
  A fire giant (Depths:2)
  A fire dragon (Depths:4)
  2 deep elf knights
  A deep elf zephyrmancer (Elf:3)
  A black mamba (Snake:4)
  3 bloated husks
  A human (D:14)
  A naga (Snake:3)
  A swamp drake (Swamp:4)
  A nameless horror (Depths:3)
  2 orc priests (Orc:2)
  An orc wizard (Orc:2)
  2 orcs (Orc:2)
  47 foxfires
113 creatures vanquished.

Grand Total: 2017 creatures vanquished

Notes
Turn   | Place    | Note
-------+----------+-------------------------------------------
     0 | D:1      | jasper the Demonspawn Reaver began the quest for the Orb.
     0 | D:1      | Reached XP level 1. HP: 16/16 MP: 3/3
   176 | D:1      | Gained mutation: You sometimes gain a little power by
                  | taking damage. [demonic ancestry]
   176 | D:1      | Reached XP level 2. HP: 16/23 MP: 5/5
   868 | D:2      | Found Dafeusy's Antique Armour Boutique.
   882 | D:2      | Gained mutation: Spells you cast may paralyse adjacent
                  | enemies. [demonic ancestry]
   882 | D:2      | Reached XP level 3. HP: 29/29 MP: 6/6
   948 | D:2      | Noticed Natasha
   952 | D:2      | Killed Natasha
  1045 | D:2      | Noticed Natasha
  1054 | D:2      | Killed Natasha
  1055 | D:2      | Gained mutation: You are partially covered in yellow
                  | scales. (AC +2) [demonic ancestry]
  1055 | D:2      | Reached XP level 4. HP: 15/34 MP: 4/7
  1391 | D:2      | Noticed Natasha
  1397 | D:2      | Killed Natasha
  1398 | D:2      | Reached skill level 5 in Fighting
  1642 | D:2      | Bought a pair of gloves for 126 gold pieces
  1873 | D:3      | Reached XP level 5. HP: 37/39 MP: 6/8
  1911 | D:3      | Noticed Ijyb
  1916 | D:3      | Killed Ijyb
  2248 | D:4      | Identified the "Neodic"
  2364 | D:4      | Gained mutation: Spells you cast may paralyse nearby
                  | enemies. [demonic ancestry]
  2364 | D:4      | Reached XP level 6. HP: 33/41 MP: 9/9
  2678 | D:4      | Found a shimmering altar of Xom.
  2714 | D:4      | Learned a level 3 spell: Call Canine Familiar
  2800 | D:5      | Entered Level 5 of the Dungeon
  2815 | D:5      | Found a radiant altar of Vehumet.
  3114 | D:6      | Reached skill level 2 in Summonings
  3216 | D:6      | Gained mutation: You have a pair of small antennae on your
                  | head. [demonic ancestry]
  3216 | D:6      | Reached XP level 7. HP: 44/53 MP: 10/10
  3226 | D:6      | Reached skill level 3 in Summonings
  3416 | D:6      | Reached skill level 4 in Summonings
  3604 | D:6      | Reached skill level 5 in Summonings
  3905 | D:6      | Reached skill level 6 in Summonings
  3929 | D:6      | Gained mutation: You are mostly covered in yellow scales.
                  | (AC +3) [demonic ancestry]
  3929 | D:6      | Reached XP level 8. HP: 57/66 MP: 11/11
  4297 | D:7      | Identified the "Ibumiy"
  4326 | D:7      | Reached skill level 7 in Summonings
  5467 | D:7      | Identified a scroll of acquirement
  5467 | D:7      | Acquired a +3 demon trident of venom
  5831 | D:8      | Identified the +5 mace of Wucutine {heavy, Dex+4}
  6115 | D:8      | Reached skill level 5 in Polearms
  6139 | D:8      | Noticed Erica
  6171 | D:8      | Killed Erica
  6172 | D:8      | Reached XP level 9. HP: 42/72 MP: 4/12
  6806 | D:8      | Found a sacrificial altar of Ru.
  6816 | D:8      | Noticed a manticore
  6824 | D:8      | Killed a manticore
  6825 | D:8      | Reached XP level 10. HP: 68/79 MP: 11/13
  7253 | D:5      | Reached skill level 10 in Polearms
  7269 | D:5      | Learned a level 2 spell: Blink
  7276 | D:5      | Learned a level 6 spell: Summon Cactus Giant
  7718 | D:5      | Found a staircase to the Ecumenical Temple.
  7728 | Temple   | Entered the Ecumenical Temple
  7742 | Temple   | Became a worshipper of Cheibriados the Contemplative
  8402 | D:9      | Found a stormy altar of Qazlal.
  8554 | D:9      | Reached * piety under Cheibriados
  8903 | D:9      | Noticed a three-headed hydra
  8907 | D:9      | Killed a three-headed hydra
  9024 | D:9      | Found a shimmering blue altar of Sif Muna.
  9025 | D:9      | Found a shadowy altar of Dithmenos.
  9027 | D:9      | Found an ancient bone altar of Kikubaaqudgha.
  9028 | D:9      | Found a blossoming altar of Fedhas.
  9095 | D:9      | Reached XP level 11. HP: 71/84 MP: 8/14
  9116 | D:9      | Reached ** piety under Cheibriados
  9319 | D:9      | Noticed Grum
  9349 | D:9      | Killed Grum
  9355 | D:9      | Acquired 1306 gold pieces
  9481 | D:10     | Entered Level 10 of the Dungeon
  9602 | D:10     | Noticed Fannar
  9648 | D:10     | Killed Fannar
  9761 | D:10     | Noticed Erolcha
  9779 | D:10     | Killed Erolcha
 10113 | D:10     | Noticed Urug
 10144 | D:10     | HP: 1/84 [Urug/+3 glaive of flaming (4)]
 10194 | D:11     | Noticed a red ugly thing
 10207 | D:11     | Killed a red ugly thing
 10208 | D:11     | Reached skill level 8 in Summonings
 10396 | D:11     | Reached *** piety under Cheibriados
 10406 | D:11     | Reached skill level 1 in Armour
 10449 | D:11     | Found a staircase to the Lair.
 10482 | D:11     | Noticed a boulder beetle
 10507 | D:11     | Killed a boulder beetle
 10640 | D:11     | Noticed an orc knight
 10668 | D:11     | Killed an orc knight
 10710 | D:11     | Found a staircase to the Orcish Mines.
 10818 | D:11     | Noticed a boulder beetle
 10832 | D:11     | Killed a boulder beetle
 10907 | D:11     | Reached **** piety under Cheibriados
 10976 | D:11     | Noticed Amaemon
 10996 | D:11     | Killed Amaemon
 10997 | D:11     | Gained mutation: You have a pair of antennae on your head.
                  | [demonic ancestry]
 10997 | D:11     | Reached XP level 12. HP: 92/92 MP: 11/15
 11060 | Lair:1   | Entered Level 1 of the Lair of Beasts
 11236 | Lair:1   | Reached skill level 9 in Summonings
 11506 | Lair:1   | Reached ***** piety under Cheibriados
 11558 | Lair:1   | Reached skill level 1 in Invocations
 11687 | Lair:1   | Reached skill level 5 in Invocations
 12525 | Lair:2   | Reached skill level 10 in Invocations
 12711 | Lair:2   | Gained mutation: You punish those that try to bend your
                  | will. (Will+) [demonic ancestry]
 12711 | Lair:2   | Reached XP level 13. HP: 76/99 MP: 21/21
 13010 | Lair:2   | Noticed Sonja
 13017 | Lair:2   | Killed Sonja
 13542 | Lair:3   | Found a dark tunnel.
 13549 | Lair:3   | Reached ****** piety under Cheibriados
 13558 | Volcano  | Entered a volcano
 13964 | Lair:3   | Reached skill level 1 in Shields
 14118 | Lair:3   | Reached skill level 5 in Dodging
 14118 | Lair:3   | Reached skill level 10 in Summonings
 14185 | Lair:3   | Found a staircase to the Snake Pit.
 14871 | Lair:3   | Paralysed by a hornet for 1 turns
 14880 | Lair:3   | Found a staircase to the Swamp.
 15017 | Lair:4   | You fall into a shaft and drop 1 floor!
 15017 | Lair:5   | Entered Level 5 of the Lair of Beasts
 15359 | Lair:4   | Reached skill level 11 in Summonings
 16038 | Orc:1    | Entered Level 1 of the Orcish Mines
 16059 | Orc:1    | Found Fieteng's General Store.
 16124 | Orc:1    | Found Fusitiuh's Magic Scroll Boutique.
 16138 | Orc:1    | Found Ugiess's Armour Emporium.
 16139 | Orc:1    | Bought a scroll of teleportation for 33 gold pieces
 16139 | Orc:1    | Bought a scroll of teleportation for 33 gold pieces
 16139 | Orc:1    | Bought a scroll of fog for 44 gold pieces
 16139 | Orc:1    | Bought a scroll of teleportation for 33 gold pieces
 16183 | Orc:1    | Found Rawugh's Antique Weapon Boutique.
 16404 | Orc:1    | Found a runed translucent gate.
 16405 | Orc:1    | Found a runed translucent gate.
 16410 | Orc:1    | Reached skill level 5 in Shields
 16421 | Orc:1    | Found an opulent altar of Gozag.
 16423 | Orc:1    | Found a runed translucent gate.
 16425 | Orc:1    | Noticed an orc warlord
 16425 | Orc:1    | Noticed Xavori's ghost (journeyman DjCK)
 16465 | Orc:1    | Gained mutation: You have a pair of large antennae on your
                  | head. (SInv) [demonic ancestry]
 16465 | Orc:1    | Reached XP level 14. HP: 106/106 MP: 23/23
 16852 | Orc:2    | Identified the "Byng"
 16852 | Orc:2    | Entered Level 2 of the Orcish Mines
 16941 | Orc:2    | Found a staircase to the Elven Halls.
 17136 | Orc:2    | Noticed an orc warlord
 17139 | Orc:2    | Noticed an orc warlord
 17191 | Orc:2    | Killed an orc warlord
 17219 | Orc:2    | Killed an orc warlord
 17458 | Orc:2    | Found a shimmering blue altar of Sif Muna.
 17625 | Orc:2    | Reached skill level 12 in Summonings
 17922 | Orc:2    | Found Fessipem's Armour Shop.
 17922 | Orc:2    | Found Hioruis's Magic Scroll Shoppe.
 17930 | Orc:2    | Found Unninask's Armour Shop.
 17930 | Orc:2    | Found Oniolis's Magic Scroll Shoppe.
 17939 | Orc:2    | Bought a scroll of fear for 48 gold pieces
 17939 | Orc:2    | Bought a scroll of enchant armour for 90 gold pieces
 17939 | Orc:2    | Bought a scroll of teleportation for 36 gold pieces
 17939 | Orc:2    | Bought a scroll of teleportation for 36 gold pieces
 17939 | Orc:2    | Bought a scroll of immolation for 48 gold pieces
 17941 | Orc:2    | Bought a scroll of enchant weapon for 105 gold pieces
 17941 | Orc:2    | Bought a scroll of teleportation for 42 gold pieces
 17941 | Orc:2    | Bought a scroll of blinking for 105 gold pieces
 17950 | Orc:2    | Bought a +1 cloak of preservation for 264 gold pieces
 18487 | Lair:5   | Found a staircase to the Slime Pits.
 18574 | Lair:5   | Learned a level 5 spell: Summon Mana Viper
 18593 | Lair:5   | Reached skill level 1 in Hexes
 18843 | Lair:5   | Found a large runed translucent door.
 19026 | Lair:5   | Found a large runed translucent door.
 19873 | D:12     | Noticed Nergalle
 19888 | D:12     | Killed Nergalle
 20143 | D:12     | Reached skill level 10 in Shields
 20793 | D:13     | Reached XP level 15. HP: 84/112 MP: 20/24
 21869 | D:14     | Found Cunyriy's Book Boutique.
 21962 | D:14     | Found a runed translucent gate.
 21963 | D:14     | Found a runed translucent gate.
 21963 | D:14     | Found a runed translucent gate.
 22329 | D:14     | Found a gate to the Vaults.
 22622 | D:15     | Entered Level 15 of the Dungeon
 22788 | D:15     | Reached skill level 5 in Armour
 22818 | D:15     | Found a staircase to the Depths.
 22993 | D:15     | Identified the +8 great mace "Newtbane" {freeze, Will++
                  | Dex+4 Stlth+}
 22993 | D:15     | Noticed a frost giant
 22994 | D:15     | Noticed Kidef's ghost (adept FoFi)
 22998 | D:15     | Found a transporter.
 23155 | D:15     | Found a transporter.
 23327 | D:15     | Noticed Nessos
 23350 | D:15     | Killed Nessos
 23834 | D:15     | Found a hide-covered altar of Uskayaw.
 24083 | Swamp:1  | Entered Level 1 of the Swamp
 24453 | Swamp:1  | Noticed Roxanne
 24916 | Swamp:2  | Reached skill level 10 in Fighting
 25916 | Swamp:3  | Noticed a fenstrider witch
 25927 | Swamp:3  | Killed a fenstrider witch
 26192 | Swamp:3  | Gained mutation: You sometimes gain power by taking damage.
                  | [demonic ancestry]
 26192 | Swamp:3  | Reached XP level 16. HP: 26/122 MP: 14/25
 26626 | Swamp:4  | Entered Level 4 of the Swamp
 26739 | Swamp:3  | Learned a level 7 spell: Monstrous Menagerie
 26892 | Swamp:4  | Reached skill level 13 in Summonings
 26958 | Swamp:4  | Noticed a thorn hunter
 26968 | Swamp:4  | Killed a thorn hunter
 27027 | Swamp:4  | Noticed a thorn hunter
 27037 | Swamp:4  | Killed a thorn hunter
 27242 | Swamp:4  | Reached skill level 14 in Summonings
 27271 | Swamp:4  | Reached skill level 15 in Summonings
 27484 | Swamp:4  | Got a decaying rune of Zot
 27610 | Swamp:4  | Found a large runed translucent door.
 27610 | Swamp:4  | Found a large runed translucent door.
 27619 | Swamp:4  | Noticed quinnr's ghost (adept TeAE)
 28046 | Snake:1  | Entered Level 1 of the Snake Pit
 28332 | Snake:1  | Reached skill level 1 in Translocations
 28797 | Snake:1  | Reached skill level 16 in Summonings
 28839 | Snake:1  | Reached XP level 17. HP: 63/128 MP: 6/26
 30087 | Snake:2  | Reached skill level 17 in Summonings
 30568 | Snake:2  | Found an opulent altar of Gozag.
 30903 | Snake:3  | Reached skill level 18 in Summonings
 31046 | Snake:3  | Found a radiant altar of Vehumet.
 31103 | Snake:3  | Noticed Vashnia
 31139 | Snake:3  | Reached skill level 5 in Spellcasting
 31250 | Snake:3  | Learned a level 4 spell: Summon Lightning Spire
 31348 | Snake:3  | Found Zehy's Antique Armour Shoppe.
 31400 | Snake:3  | Found Ruyklej's Armour Shoppe.
 31936 | Snake:3  | Killed Vashnia
 32196 | Snake:3  | Learned a level 7 spell: Haunt
 32350 | Snake:4  | Entered Level 4 of the Snake Pit
 32355 | Snake:4  | Reached skill level 1 in Necromancy
 32526 | Snake:4  | Reached XP level 18. HP: 134/134 MP: 15/30
 32999 | Snake:4  | Reached skill level 5 in Necromancy
 33208 | Snake:4  | Found a runed translucent gate.
 33335 | Snake:4  | Found a runed translucent gate.
 33335 | Snake:4  | Found a runed translucent gate.
 33610 | Snake:4  | Found a huge runed translucent gate.
 33610 | Snake:4  | Found a huge runed translucent gate.
 33611 | Snake:4  | Found a huge runed translucent gate.
 33612 | Snake:4  | Found a huge runed translucent gate.
 33612 | Snake:4  | Found a huge runed translucent gate.
 33883 | Snake:4  | Noticed porpoise's ghost (adept DsEn)
 34076 | Snake:4  | Reached skill level 10 in Necromancy
 34438 | Snake:4  | Got a serpentine rune of Zot
 34997 | WizLab   | Identified the "Asaoblohuu"
 34997 | WizLab   | Identified the "Luhaepse"
 34997 | Vaults:5 | Identified the of Eruo
 34997 | Vaults:5 | Identified the "Fiecreuq"
 34997 | Crypt:1  | Identified the "Ganomp"
 34997 | Crypt:3  | Identified the of Paecic
 34997 | Crypt:3  | Identified the "Tututidd"
 34997 | Depths:1 | Identified the "Bumomeon"
 34997 | Depths:3 | Identified the "Urufunnu"
 34997 | Elf:1    | Identified the of Tuhari Gedwu
 34997 | Elf:1    | Identified the of Xicrei
 34997 | Elf:1    | Entered Level 1 of the Elven Halls
 35615 | Elf:1    | Found Does's Armour Boutique.
 35615 | Elf:1    | Found Riymoph's Antique Weapon Shop.
 35666 | Elf:1    | Bought the -1 pair of gloves of the Onion {rF+ Int+2} for
                  | 283 gold pieces
 35791 | Elf:1    | Identified the +1 falchion "Bagoec" {freeze, Dex+3}
 36589 | Elf:2    | Found Qaker's Weapon Boutique.
 36715 | Elf:2    | Gained mutation: You are resistant to unholy torment.
                  | [demonic ancestry]
 36715 | Elf:2    | Reached XP level 19. HP: 128/140 MP: 10/31
 36746 | Elf:2    | Identified the of Riqalutt (You acquired it on level 2 of
                  | the Elven Halls)
 36746 | Elf:2    | Acquired Duirch's Papyrus of the Undead
 36809 | Elf:2    | Paralysed by an air elemental for 1 turns
 37162 | Elf:2    | Found Ogeud's Magic Scroll Emporium.
 37205 | Elf:2    | Bought a scroll of immolation for 60 gold pieces
 37205 | Elf:2    | Bought a scroll of noise for 15 gold pieces
 37205 | Elf:2    | Bought a scroll of teleportation for 45 gold pieces
 37205 | Elf:2    | Bought a scroll of enchant weapon for 112 gold pieces
 37205 | Elf:2    | Bought a scroll of teleportation for 45 gold pieces
 37205 | Elf:2    | Bought a scroll of fog for 60 gold pieces
 37205 | Elf:2    | Bought a scroll of vulnerability for 60 gold pieces
 37464 | Elf:2    | Found a runed translucent door.
 37489 | Elf:2    | Found a runed translucent door.
 37626 | Elf:3    | Identified the of Iphyrcholydd
 37626 | Elf:3    | Identified the "Untoca"
 37626 | Elf:3    | Identified the of Ariguust
 37626 | Elf:3    | Identified the "Oruigin"
 37626 | Elf:3    | Identified the "Elum"
 37626 | Elf:3    | Entered Level 3 of the Elven Halls
 37971 | Elf:3    | Reached skill level 15 in Necromancy
 38263 | Vaults:1 | Entered Level 1 of the Vaults
 38263 | Vaults:1 | Found Asatous's Distillery.
 38268 | Vaults:1 | Bought a potion of magic for 144 gold pieces
 38268 | Vaults:1 | Bought a potion of heal wounds for 90 gold pieces
 38268 | Vaults:1 | Bought a potion of curing for 54 gold pieces
 38652 | Vaults:1 | Bought a potion of enlightenment for 90 gold pieces
 38652 | Vaults:1 | Bought a potion of brilliance for 72 gold pieces
 38652 | Vaults:1 | Bought a potion of enlightenment for 90 gold pieces
 38894 | Vaults:1 | Found Emio's Book Shop.
 38895 | Vaults:1 | Found Iguih's Weapon Boutique.
 39273 | Vaults:1 | Found Qoteby's Distillery.
 39278 | Vaults:1 | Bought a potion of enlightenment for 110 gold pieces
 39278 | Vaults:1 | Bought a potion of resistance for 220 gold pieces
 39278 | Vaults:1 | Bought a potion of curing for 66 gold pieces
 39278 | Vaults:1 | Bought a potion of curing for 66 gold pieces
 39278 | Vaults:1 | Bought a potion of curing for 66 gold pieces
 39278 | Vaults:1 | Bought a potion of curing for 66 gold pieces
 39278 | Vaults:1 | Bought a potion of curing for 66 gold pieces
 39278 | Vaults:1 | Bought a potion of mutation for 176 gold pieces
 39278 | Vaults:1 | Bought a potion of berserk rage for 110 gold pieces
 39610 | Vaults:1 | Found Coadesk's Book Shoppe.
 39631 | Vaults:1 | Bought a book of the Moon for 880 gold pieces
 39898 | Vaults:1 | Reached skill level 10 in Armour
 41033 | Vaults:2 | Reached XP level 20. HP: 152/152 MP: 33/33
 41461 | Vaults:2 | Acquired 626 gold pieces
 42411 | Vaults:3 | Found Inubi's Armour Shop.
 42571 | Vaults:3 | Found a staircase to the Crypt.
 43234 | Vaults:3 | Reached skill level 10 in Dodging
 43257 | Vaults:3 | Noticed Margery
 43265 | Vaults:3 | Killed Margery
 44248 | Vaults:4 | Found Ruizoitz's Armour Boutique.
 44310 | Vaults:4 | Found Guijux's Antique Weapon Shop.
 44583 | Vaults:4 | Identified the +10 war axe "Kussag" {flame, Int+2}
 44636 | Vaults:4 | Noticed Mara
 44651 | Vaults:4 | Noticed jasper's illusion
 44663 | Vaults:4 | Noticed jasper's illusion
 44669 | Vaults:4 | Killed Mara
 44892 | Vaults:4 | Gained mutation: Spells you cast and wands you use may
                  | paralyse nearby enemies. [demonic ancestry]
 44892 | Vaults:4 | Reached XP level 21. HP: 150/164 MP: 18/34
 44946 | Vaults:4 | Learned a level 7 spell: Malign Gateway
 45376 | Vaults:4 | Reached skill level 5 in Translocations
 45806 | Vaults:4 | Found Aveo's Armour Shop.
 45941 | Vaults:4 | Found Wiet's Armour Emporium.
 47606 | Elf:3    | Reached skill level 10 in Translocations
 47894 | Elf:3    | Identified the ring of Omu Jiy {Fire rElec Will- Str+3
                  | Int+5 Dex+4}
 47997 | Elf:3    | Identified the +1 robe of the Holding Gods {Harm rCorr
                  | MP+9}
 48449 | Depths:1 | Entered Level 1 of the Depths
 48585 | Depths:1 | Found Ricuowk's Retail Resort.
 48593 | Depths:1 | Bought a potion of resistance for 180 gold pieces
 48671 | Depths:1 | Found Hipt's Tremendous Tomes.
 48774 | Depths:1 | Found a one-way gate leading to the halls of Pandemonium.
 49018 | Depths:1 | Found a sacrificial altar of Ru.
 49338 | Depths:1 | Found a gateway to Hell.
 49494 | Depths:2 | Noticed Nikola
 49891 | Depths:2 | Reached skill level 19 in Summonings
 49901 | Depths:2 | HP: 1/165 [iron troll (24)]
 50047 | Depths:2 | Gained mutation: You can hurl damnation. [demonic ancestry]
 50047 | Depths:2 | Reached XP level 22. HP: 138/172 MP: 29/35
 50403 | Depths:2 | Reached skill level 20 in Summonings
 50403 | Depths:2 | Noticed a caustic shrike
 50409 | Depths:2 | Noticed a caustic shrike
 50410 | Depths:2 | Killed a caustic shrike
 50415 | Depths:2 | Killed a caustic shrike
 50423 | Depths:2 | Noticed a caustic shrike
 50432 | Depths:2 | Killed a caustic shrike
 50445 | Depths:2 | Identified the ring of Alocec {Ice Will+}
 50639 | Depths:2 | Noticed a caustic shrike
 50645 | Depths:2 | Killed a caustic shrike
 50916 | Depths:2 | Reached skill level 21 in Summonings
 51493 | Depths:2 | You are sucked into a shaft and drop 1 floor!
 51584 | Depths:3 | Found a one-way gate to the infinite horrors of the Abyss.
 52332 | Depths:3 | Found a one-way gateway to a ziggurat.
 52332 | Depths:3 | Noticed Xtahua
 52368 | Depths:3 | Killed Xtahua
 53067 | Depths:3 | Found a runed translucent door.
 53284 | Depths:3 | Killed Nikola
 53407 | Zot:5    | Identified the "Synoemp"
 53407 | Slime:5  | Identified the "Kiubun Muef"
 53407 | Slime:5  | Identified the "Roullel"
 53407 | Slime:5  | Identified the "Buej"
 53407 | Tomb:1   | Identified the "Xicwanie"
 53407 | Tomb:3   | Identified the "Votamih"
 53407 | Tomb:3   | Identified the "Olashuc"
 53407 | Tar:7    | Identified the "Idyrrudd"
 53407 | Tar:7    | Identified the "Heumem"
 53407 | Tar:7    | Identified the "Miyluew"
 53407 | Dis:7    | Identified the "Roeskiwn"
 53407 | Dis:7    | Identified the "Holel"
 53407 | Geh:7    | Identified the "Owies"
 53407 | Geh:7    | Identified the of Johizet
 53407 | Geh:7    | Identified the "Roin"
 53407 | Zig:1    | Entered Level 1 of a ziggurat
 53407 | Zig:1    | Noticed a shard shrike
 53412 | Zig:1    | Killed a shard shrike
 53459 | Zig:2    | Entered Level 2 of a ziggurat
 53484 | Zig:3    | Entered Level 3 of a ziggurat
 53569 | Zig:4    | Entered Level 4 of a ziggurat
 53592 | Zig:4    | Reached skill level 15 in Fighting
 53592 | Zig:4    | Reached XP level 23. HP: 181/181 MP: 15/36
 53601 | Zig:4    | Reached XP level 24. HP: 189/189 MP: 18/36
 53671 | Zig:5    | Entered Level 5 of a ziggurat
 53680 | Zig:5    | Reached skill level 15 in Armour
 53682 | Zig:5    | Gained mutation: You are completely covered in yellow
                  | scales. (AC +4, rCorr) [demonic ancestry]
 53682 | Zig:5    | Reached XP level 25. HP: 165/195 MP: 10/36
 53703 | Zig:5    | Identified the +5 scale mail of a bailey {SInv}
 53773 | Zig:6    | Entered Level 6 of a ziggurat
 53775 | Zig:6    | Noticed a shard shrike
 53781 | Zig:6    | Paralysed by a wendigo for 1 turns
 53783 | Zig:6    | Killed a shard shrike
 53789 | Zig:6    | Paralysed by a wendigo for 1 turns
 54076 | Depths:3 | Identified the +0 ring mail of the Albatross {Will+}
 54449 | Orc:1    | Bought a scarf of resistance for 512 gold pieces
 54674 | Depths:4 | Entered Level 4 of the Depths
 54680 | Depths:4 | Noticed a juggernaut
 55022 | Depths:3 | Killed a juggernaut
 55883 | Depths:4 | Reached skill level 10 in Spellcasting
 56191 | Depths:4 | Found an ornate altar of the Wu Jian Council.
 56191 | Depths:4 | Noticed a juggernaut
 56215 | Depths:4 | Killed a juggernaut
 56240 | Depths:4 | Learned a level 8 spell: Borgnjor's Revivification
 56686 | Depths:4 | Found a gate to the Realm of Zot.
 57064 | Vaults:5 | Entered Level 5 of the Vaults
 57639 | Vaults:5 | Noticed an ancient lich
 58042 | Vaults:5 | Killed an ancient lich
 58270 | Vaults:5 | Reached XP level 26. HP: 169/178 MP: 17/39
 58496 | Vaults:5 | Found Kiosawun's Assorted Antiques.
 58509 | Vaults:5 | Bought a scroll of blinking for 217 gold pieces
 58697 | Vaults:5 | Identified the +6 spear of Lies {elec, Str+3}
 58711 | Vaults:5 | Found Nyriss's Assorted Antiques.
 58720 | Vaults:5 | Bought a scroll of fog for 124 gold pieces
 58720 | Vaults:5 | Bought a scroll of blinking for 232 gold pieces
 58720 | Vaults:5 | Bought a wand of acid (2) for 260 gold pieces
 58903 | Vaults:5 | Noticed a dread lich
 58905 | Vaults:5 | Killed a dread lich
 58925 | Vaults:5 | Identified the +2 robe of Dramatic Exits {Str+3}
 58942 | Vaults:5 | Got a silver rune of Zot
 59007 | Vaults:5 | Noticed an ancient lich
 59011 | Vaults:5 | Killed an ancient lich
 59013 | Vaults:5 | Identified the staff "Boicubra" {rN+ Stlth+ Conj Necro}
 59069 | Vaults:5 | Found Myupix's Antique Armour Boutique.
 59077 | Vaults:5 | Bought a pair of ichor-stained gloves for 218 gold pieces
 59077 | Vaults:5 | Identified the +2 pair of gloves of Sodeiruo {rPois Will+
                  | Str-2 Int+4} (You bought it in a shop on level 5 of the
                  | Vaults)
 59077 | Vaults:5 | Bought a pair of polished boots for 218 gold pieces
 59077 | Vaults:5 | Identified the +0 pair of boots "Tuzumamn" {Stlth+} (You
                  | bought it in a shop on level 5 of the Vaults)
 59514 | Zot:1    | Entered Level 1 of the Realm of Zot
 59874 | Depths:4 | Killed from afar by a black draconian knight

Illustrated notes

Levels and vault maps discovered:
D:1:      scummos_arrival_star, layout_loops_ring
D:2:      layout_basic, serial_shops, nicolae_shop_pleasant_corner_grove,
          minmay_misc_feat_cross, uniq_natasha
D:3:      layout_rooms, guppyfry_early_lair_pool, uniq_ijyb
D:4:      layout_rooms, mainiacjoe_overflow_alcove_4, minmay_misc_feat_x
D:5:      layout_loops_corners, mainiacjoe_overflow_24_doors, temple_fountains,
          minmay_small_thing
D:6:      layout_loops_cross, kennysheep_mini
D:7:      layout_loops_corners, st_stairs_11
D:8:      statuecave_lemuel, layout_loops_ring,
          mainiacjoe_overflow_six_doors_small, uniq_erica
D:9:      layout_stronghold, minitemple, hangedman_ranch, uniq_grum
D:10:     layout_rooms, grunt_temple_overflow_opulence, kennysheep_donut,
          uniq_erolcha, uniq_fannar, uniq_urug
D:11:     layout_roguey, lair_entry_dummy, david_orc_5, uniq_amaemon
D:12:     layout_stronghold, chequers_serial_rivers_small_b,
          introduction_to_nature_2, uniq_nergalle
D:13:     layout_loops_corners
D:14:     lemuel_flame_loot_2, layout_basic, ximxim_vaults_locker_room,
          ploomutoo_gammafunk_ghost_potion_laboratory, serial_shops,
          nicolae_shop_window_shopping, fountainhead
D:15:     grunt_enter_depths_magical_seal, layout_basic, gammafunk_ghost_smash,
          dancing_weapons_uskayaw, uniq_nessos
Temple:   jpeg_temple_island
Lair:1:   layout_gridlike, nicolae_lair_run_with_the_wolves, grunt_megastairs_3
Lair:2:   layout_cave_pods, grunt_megastairs_4, serial_bayou_shore_b, uniq_sonja
Lair:3:   layout_hall_layers, mainiacjoe_swamp_entry_angry_trees,
          nicolae_snake_entry_warm_welcome, nicolae_volcano_entry_batcave,
          grunt_megastairs_5
Lair:4:   layout_roguey, infiniplex_staircase_pool, serial_bayou_shore_a,
          lemuel_fruit_tree
Lair:5:   cheibrodos_lair_end_hotspot, layout_cellular_growth,
          minmay_slime_entry_jelly_boxes
Swamp:1:  layout_basic_swamp, nicolae_swamp_big_swirl, swamp_pool_1_2,
          uniq_roxanne
Swamp:2:  layout_basic_swamp, evilmike_swamp_ruin_house_3
Swamp:3:  layout_basic_swamp, evilmike_swamp_ruin_rubble_1,
          statue_in_the_mist_lemuel
Swamp:4:  swamp_basic_johnstein, layout_basic_swamp,
          ebering_ghost_disaster_area, swamp_pool_3, nicolae_swamp_bunyip_nook
Snake:1:  layout_gridlike, nicolae_snake_double_loop
Snake:2:  layout_grid_maze, portal_ice_cave_entry_pillars_three, basic_altar,
          nicolae_snake_salamander_zone
Snake:3:  layout_gridlike, basic_altar, nicolae_snake_snakes_in_the_grass,
          minmay_shop_star, uniq_vashnia
Snake:4:  johnstein_snake_rune_scales, layout_cave_town,
          ebering_ghost_rock_garden, st_stairs_10, hangedman_venom_bottle
Orc:1:    layout_caves, serial_shops, nicolae_shop_tiny_glass, shop, shop, shop,
          ebering_ghost_gozag
Orc:2:    grunt_orc_tribal_feast, layout_diamond_mine, led_sif_book
Elf:1:    nicolae_elf_arrival_no_cutting_in_line, layout_geoelf_octagon,
          minmay_elf_necromancy, minmay_shoptagon
Elf:2:    elven_hall_of_blades_hangedman_original
          [nicolae_blade_entry_splitting_headache], layout_geoelf_grid,
          serial_shops, shop, nicolae_shop_hallway_plus
Elf:3:    elf_hall, layout_geoelf_castle, special_room
          [special_room_mythical_zoo], minivault_16
Vaults:1: vaults_mumra_hexcomb, v_misc_16, lightli_church_of_beogh,
          vaults_standard_mumra_enter_the_diamond,
          nicolae_vaults_storage_room_statues,
          vaults_room_grunt_arrival_checkpoint, grunt_vaults_diagonal,
          ontoclasm_vaults_hangar, nicolae_vaults_storage_closets_2,
          nicolae_vaults_variable_pillar_hall, minmay_orc_keep,
          vaults_dpeg_emergency_exit, nicolae_vaults_alarming,
          layout_vaults_omnigrid, serial_shops, nicolae_shop_waterfront, shop,
          nicolae_shop_just_a_little_nook, shop, shop
Vaults:2: nicolae_vaults_closet_pinwheel_2, nicolae_vaults_heist,
          vaults_room_large_hall, nicolae_vaults_doubleplus_tesselated,
          nicolae_vaults_turnstiles, nicolae_vaults_inception_corners,
          v_alt_pattern_2, serial_ice_g, nicolae_vaults_asterisk,
          layout_vaults_omnibox
Vaults:3: nicolae_vaults_offset_grid_hallway_2,
          nicolae_vaults_taking_the_gang_shopping, hangedman_vaults_capsules,
          nicolae_vaults_octagons, nicolae_vaults_little_squares_2,
          nicolae_vaults_little_squares_3, v_misc_15, blue_anna_dwarven_crypt,
          nicolae_vaults_network_quinsquares
          [nicolae_vaults_network_quincunx_subvault,
          nicolae_vaults_network_quincunx_subvault,
          nicolae_vaults_network_quincunx_subvault,
          nicolae_vaults_network_quincunx_subvault],
          nicolae_vaults_double_plus_3, v_pattern_1, nicolae_vaults_big_ls,
          nicolae_vaults_trapezoid_4, layout_vaults_maze_snakey, uniq_margery
Vaults:4: mu_enter_wizlab_1, vaults_room_boxed, nicolae_vaults_three_branches,
          nicolae_vaults_yaktaur_gun_rack, nicolae_vaults_storage_closets_3,
          vaults_dpeg_cross, nicolae_vaults_trapezoid_lopsided_3, v_misc_22,
          nicolae_vaults_network_s, vaults_mumra_lcd, layout_vaults_big_room,
          serial_shops, nicolae_shop_tiny_waterfront, shop, shop,
          nicolae_shop_stone, uniq_mara
Vaults:5: serial_shops
Depths:1: layout_long_grid, grunt_pan_entry_zigzag, serial_sigils,
          serial_sigils_hangedman_shear, serial_sigils_hangedman_leer,
          serial_sigils_hangedman_gut, serial_sigils_hangedman_gnaw, hell_entry,
          serial_bayou_pond_e, nicolae_alphabet_shops,
          nicolae_shop_i_like_big_books, hangedman_ru_absence, firewood_loft
Depths:2: grunt_runaround [grunt_runaround_doors_1, grunt_runaround_doors_2,
          grunt_runaround_doors_3, grunt_runaround_doors_4,
          grunt_runaround_loot], pan_entry, hell_entry, serial_shops,
          uniq_grunn, uniq_nikola
Depths:3: minmay_the_grid_triangle_9x9_rhombus_full
          [minmay_the_grid_triangle_9x9_thin_v,
          minmay_the_grid_triangle_9x9_pentomino_pain,
          minmay_the_grid_triangle_9x9_corrupted_corridor,
          minmay_the_grid_triangle_9x9_subtriangle,
          minmay_the_grid_triangle_9x9_alien,
          minmay_the_grid_triangle_9x9_sprig,
          minmay_the_grid_triangle_9x9_swiss_cheese,
          minmay_the_grid_triangle_9x9_prize_insulated], layout_gridlike,
          ziggurat_fallback, abyss_entry, dreamdust_wishing_well, hell_entry,
          minmay_staircase_statues, uniq_xtahua
Depths:4: grunt_bruiser_brothers, layout_cave_pools, pf_hell_entry_tar_river,
          nicolae_wu_jian_wuxing_cycle, ebering_dispersal_statue_hall,
          st_stairs_2
Zot:1:    layout_concentric_octagons, regret_index_zotdec_dark_gr

Skill      XL: |  1  2  3  4  5  6  7  8  9 10 11 12 13 14 15 16 17 18 19 20 21 22 23 24 25 26 |
---------------+-------------------------------------------------------------------------------+-----
Fighting       | 3 4 5 6 7 8 10 11 13 14 15 16 | 16.0
Summonings     | 2 6 7 8 9 11 12 16 18 19 21 | 21.0
Polearms       | 7 9 12 14 | 14.0
Dodging        | 3 4 5 6 8 11 12 13 | 13.3
Armour         | 3 4 7 8 10 12 14 15 16 | 16.0
Invocations    | 11 13 | 13.0
Shields        | 5 10 12 | 12.0
Hexes          | 4 |  4.0
Spellcasting   | 3 8 9 12 | 12.0
Translocations | 2 3 11 13 | 13.0
Necromancy     | 2 13 15 17 19 | 19.8
Conjurations   | |  3.0

Action                     |  1- 3 |  4- 6 |  7- 9 | 10-12 | 13-15 | 16-18 | 19-21 | 22-24 | 25-27 || total
---------------------------+-------+-------+-------+-------+-------+-------+-------+-------+-------++-------
  Melee: Demon trident     |       |       |    98 |   631 |  1209 |  1079 |  1387 |   388 |   512 ||  5304
         Trident           |       |       |    17 |       |       |       |       |       |       ||    17
         Punch             |       |       |       |     9 |     2 |       |       |       |       ||    11
   Fire: Sling             |    88 |   171 |   161 |       |       |       |       |       |       ||   420
   Cast: Kiss of Death     |     2 |     5 |       |       |       |       |       |       |       ||     7
         Call Canine Famil |       |       |    24 |    62 |    62 |       |       |       |       ||   148
         Summon Cactus Gia |       |       |       |       |    29 |    42 |    10 |     6 |       ||    87
         Summon Mana Viper |       |       |       |       |    35 |    71 |    19 |     1 |     4 ||   130
         Blink             |       |       |       |       |     2 |     3 |       |     1 |     1 ||     7
         Monstrous Menager |       |       |       |       |       |    44 |   138 |    32 |    78 ||   292
         Summon Lightning  |       |       |       |       |       |    48 |    64 |     5 |     4 ||   121
         Haunt             |       |       |       |       |       |     1 |     5 |    24 |    14 ||    44
         Malign Gateway    |       |       |       |       |       |       |    14 |    14 |    21 ||    49
         Borgnjor's Revivi |       |       |       |       |       |       |       |       |     1 ||     1
 Invoke: Slouch            |       |       |       |       |     5 |     2 |     5 |       |       ||    12
         Step From Time    |       |       |       |       |       |       |       |       |     1 ||     1
  Evoke: Wand              |       |     3 |     7 |     1 |     7 |     2 |    16 |       |       ||    36
    Use: Scroll            |     1 |       |    12 |     9 |    18 |    14 |    15 |     5 |     8 ||    82
         Potion            |       |       |       |     2 |     2 |     2 |     3 |     2 |     2 ||    13
   Stab: Paralysed         |       |       |     6 |    18 |    42 |    35 |    53 |    11 |    18 ||   183
         Sleeping          |       |       |     1 |     3 |     3 |       |       |       |       ||     7
         Distracted        |       |       |       |     6 |    10 |    23 |    32 |     8 |    20 ||    99
         Petrified         |       |       |       |       |     3 |       |       |       |       ||     3
         Confused          |       |       |       |       |       |     2 |     2 |       |       ||     4
 Armour: Leather armour    |    17 |       |       |       |   623 |    11 |       |       |       ||   651
         Ring mail         |    28 |   101 |   176 |       |       |       |       |       |       ||   305
         Steam dragon scal |       |       |    16 |   397 |    49 |       |       |       |       ||   462
         Fire dragon scale |       |       |       |       |       |   669 |   742 |   266 |   467 ||  2144
  Dodge: Dodged            |    38 |    68 |   104 |   328 |   548 |   484 |   648 |   215 |   416 ||  2849
  Block: Kite shield       |       |       |       |       |   784 |   904 |   820 |   246 |   414 ||  3168

Table legend: (Time is in decaauts)
 A = Elapsed time spent in this place.
 B = Non-inter-level travel time spent in this place.
 C = Inter-level travel time spent in this place.
 D = Time resting spent in this place.
 E = Time spent auto-exploring this place.
 F = Levels seen in this place.
 G = Mean time per level.
                   A        B        C        D        E       F      G
               +--------+--------+--------+--------+--------+-----+--------+
         Total |  85737 |  77834 |   7903 |   5434 |  54041 |  51 | 1681.1 |
       Dungeon |  21166 |  18465 |   2701 |    624 |  14440 |  15 | 1411.1 |
        Temple |     30 |     15 |     15 |      0 |      0 |   1 |   30.0 |
          Lair |  10687 |   9493 |   1194 |    165 |   7338 |   5 | 2137.4 |
         Swamp |   5830 |   5492 |    338 |    551 |   3810 |   4 | 1457.5 |
     Snake Pit |   9897 |   9502 |    395 |    288 |   6681 |   4 | 2474.2 |
  Orcish Mines |   3561 |   3187 |    374 |     79 |   2397 |   2 | 1780.5 |
   Elven Halls |   7503 |   6804 |    699 |    404 |   4399 |   3 | 2501.0 |
        Vaults |  14720 |  13399 |   1321 |   1408 |   8524 |   5 | 2944.0 |
        Depths |  11507 |  10644 |    863 |   1696 |   6342 |   4 | 2876.8 |
           Zot |     23 |     23 |      0 |      0 |      0 |   1 |   23.0 |
      Ziggurat |    473 |    473 |      0 |    217 |      0 |   6 |   78.8 |
       Volcano |    336 |    336 |      0 |      0 |    108 |   1 |  336.0 |
               +--------+--------+--------+--------+--------+-----+--------+

Top non-repeatable levels by time:
Depths:3: 3876 daAuts
Vaults:4: 3801 daAuts
Vaults:1: 3665 daAuts
 Snake:4: 3325 daAuts
Depths:2: 3253 daAuts
   Elf:3: 3115 daAuts
Vaults:3: 2865 daAuts
Vaults:2: 2705 daAuts
   Elf:1: 2632 daAuts
  Lair:3: 2597 daAuts
Depths:4: 2493 daAuts
    D:15: 2477 daAuts
  Lair:5: 2448 daAuts
 Snake:2: 2313 daAuts
 Snake:3: 2212 daAuts
